 Dungeon Crawl Stone Soup version 0.12.2-14-g7c90c79 (webtiles) character file.

705 MarVin the Prestidigitator (level 7, 0/53 HPs)
             Began as a Demonspawn Fighter on Aug 5, 2013.
             Was a Believer of Nemelex Xobeh.
             Slain by a slave (5 damage)
             ... led by Pikel
             ... on Level 3 of the Dungeon on Aug 6, 2013.
             The game lasted 00:18:51 (2816 turns).

MarVin the Prestidigitator (Demonspawn Fighter)     Turns: 2816, Time: 00:18:52

HP   0/53        AC 13     Str 18      XL: 7   Next:  7%
MP  15/15        EV  5     Int 10      God: Nemelex Xobeh [**....]
Gold 156         SH 18     Dex 12      Spells:  0 memorised,  6 levels left

Res.Fire  : . . .   See Invis. : .   B - +1,+2 orc war axe
Res.Cold  : . . .   Warding    : .   b - +0 scale mail
Life Prot.: . . .   Conserve   : .   c - +0 shield
Res.Poison: .       Res.Corr.  : .   (helmet restricted)
Res.Elec. : .       Clarity    : .   G - +0 cloak
Sust.Abil.: . .     Spirit.Shd : .   (no gloves)
Res.Mut.  : .       Stasis     : .   C - +0 pair of boots
Res.Rott. : .       Ctrl.Telep.: .   (no amulet)
Saprovore : . . .   Flight     : .   (no ring)
                                     (no ring)

@: sage [Polearms, Fire Magic], slightly resistant to hostile enchantments, very
unstealthy
A: horns 2, camouflage 1, powered by death 1, AC +4
a: Draw One, Peek at Two, Renounce Religion


You were on level 3 of the Dungeon.
You worshipped Nemelex Xobeh.
Nemelex Xobeh was most pleased with you.
You were completely stuffed.

You visited 1 branch of the dungeon, and saw 4 of its levels.

You collected 161 gold pieces.

Inventory:

Hand weapons
 a - a +0,+0 hand axe {=f}
 f - a +0,+0 hand axe (quivered)
 q - a +1,+1 dwarven hand axe
 y - a +0 blowgun
 B - a +1,+2 orcish war axe (weapon)
 F - a +4,+2 quarterstaff of chaos
Missiles
 u - 18 poisoned needles
Armour
 b - a +0 scale mail (worn)
 c - a +0 shield (worn)
 C - a +0 pair of boots (worn)
 G - a +0 cloak (worn)
Magical devices
 d - a wand of polymorph (2)
 r - a wand of fireball (5)
Comestibles
 H - a rotting chunk of human flesh
Scrolls
 h - 5 scrolls of identify {unknown}
Magical staves
 v - an uncursed staff of poison {unknown}


   Skills:
 - Level 3.1 Fighting
 + Level 5.7 Axes
   Level 0.3 Polearms
 - Level 3.0 Armour
 - Level 3.0 Shields
 - Level 8.2 Evocations


You had 6 spell levels left.
You didn't know any spells.

Dungeon Overview and Level Annotations

Branches:
Dungeon (4/27)
 Temple: D:4-7

Altars:
Elyvilon
Makhleb
Nemelex Xobeh
Okawaru
Yredelemnul

Annotations
D:4 Pikel


Innate Abilities, Weirdness & Mutations

You have a pair of horns on your head.
You are partially covered in iridescent scales (AC +4).
You can steal the life force of nearby defeated enemies.
Your skin changes colour to match your surroundings (Stlth).


Message History

The slave barely misses you.
You hit the slave but do no damage.
You headbutt the slave, but do no damage.
The slave is heavily wounded.
The slave hits you.
* * * LOW HITPOINT WARNING * * *
You hit the slave.
The slave is heavily wounded.
The slave hits you.
* * * LOW HITPOINT WARNING * * *
The slave barely misses you.
You completely miss the slave.
You headbutt the slave, but do no damage.
The slave is heavily wounded.
The slave hits you but does no damage.
You slash the slave! Your headbutt misses the slave.
The slave is almost dead.
The slave hits you.
You die...
Your body glows slightly and disappears.

##### #...# #...# ## ##########
#...# .# #####...##...# #...# .#
#...#...##...# #...# .#
#...#...##..@#####...#####
#####...........@.....>......###
......#######....#####...##....#
.......#####...................##
.............P[P..####.%.##....##
.............._...# ######...###
#####.....##.P.P..###############
# #............................ #
#)#...[.#####.#####......#.## #
#.###...##.................#


You could see a slave.

Vanquished Creatures
  A slave (D:3)
  Duvessa (D:4)
  A crimson imp (D:2)
  Dowan (D:3)
  A hound (D:4)
  Crazy Yiuf (D:3)
  3 gnolls (D:3)
  4 adders
  A worm (D:3)
  A giant gecko (D:1)
  2 oozes (D:3)
  6 orcs (D:3)
  A ball python (D:2)
  7 hobgoblins
  7 jackals
  2 quokkas (D:3)
  4 training dummies (D:3)
  6 bats
  2 giant cockroaches
  2 giant newts
  13 goblins
  9 kobolds
  10 rats
86 creatures vanquished.

Vanquished Creatures (others)
  A jackal (D:2)
1 creature vanquished.

Grand Total: 87 creatures vanquished

Notes
Turn   | Place    | Note
--------------------------------------------------------------
     0 | D:1      | MarVin, the Demonspawn Fighter, began the quest for the Orb.
     0 | D:1      | Reached XP level 1. HP: 18/18 MP: 0/0
    98 | D:1      | Gained mutation: You are partially covered in iridescent scales (AC +4). [demonic ancestry]
    98 | D:1      | Reached XP level 2. HP: 18/24 MP: 1/1
   725 | D:2      | Gained mutation: You can steal the life force of nearby defeated enemies. [demonic ancestry]
   725 | D:2      | Reached XP level 3. HP: 30/30 MP: 2/2
   745 | D:2      | Found a white marble altar of Elyvilon.
  1128 | D:2      | Found a burning altar of Makhleb.
  1274 | D:2      | Gained mutation: You have a pair of small horns on your head. [demonic ancestry]
  1274 | D:2      | Reached XP level 4. HP: 18/36 MP: 3/3
  1665 | D:3      | Found an iron altar of Okawaru.
  1685 | D:3      | Reached skill level 4 in Axes
  1704 | D:3      | Reached XP level 5. HP: 41/41 MP: 4/4
  1997 | D:3      | Found a basalt altar of Yredelemnul.
  2086 | D:3      | Noticed Crazy Yiuf
  2091 | D:3      | Killed Crazy Yiuf
  2268 | D:3      | Reached skill level 5 in Axes
  2492 | D:4      | Noticed a slave
  2495 | D:4      | Noticed Pikel
  2495 | D:4      | Noticed a slave
  2496 | D:4      | Noticed a slave
  2497 | D:4      | Noticed a slave
  2530 | D:3      | Killed a slave
  2559 | D:4      | Found a sparkling altar of Nemelex Xobeh.
  2588 | D:4      | Noticed Duvessa
  2603 | D:4      | Became a worshipper of Nemelex Xobeh
  2644 | D:3      | Received a gift from Nemelex Xobeh
  2673 | D:4      | Killed Duvessa
  2673 | D:4      | Reached XP level 6. HP: 44/48 MP: 5/5
  2700 | D:3      | Gained mutation: Your magical capacity is low (-10% MP). [helix card]
  2717 | D:3      | Received a gift from Nemelex Xobeh
  2722 | D:3      | Lost mutation: Your magical capacity is low (-10% MP). [helix card]
  2726 | D:3      | Gained mutation: Your skin changes colour to match your surroundings (Stlth). [helix card]
  2726 | D:3      | Acquired Nemelex Xobeh's first power
  2726 | D:3      | Received a gift from Nemelex Xobeh
  2730 | D:3      | Reached skill level 8 in Evocations
  2730 | D:3      | Gained mutation: You have a pair of horns on your head. [demonic ancestry]
  2730 | D:3      | Reached XP level 7. HP: 53/53 MP: 2/15
  2768 | D:4      | Noticed Dowan
  2795 | D:3      | Killed Dowan
  2798 | D:3      | Acquired Nemelex Xobeh's second power
  2816 | D:3      | Slain by a slave

Action                   |  1- 3 |  4- 6 |  7- 9 || total
-------------------------+-------+-------+-------++-------
Melee: Hand axe          |   261 |    68 |       ||   329
       War axe           |       |    68 |    16 ||    84
 Fire: Blowgun           |       |       |     1 ||     1
Evoke: Wand              |       |     1 |       ||     1
       Deck              |       |    17 |    14 ||    31
  Use: Potion            |     2 |       |     1 ||     3
